AoeStats
← Vek Reversal

Black Forest

509952063Analyzed
3v3 RM · 3d ago on Sep 28, 2026· 46m 41s· 6 players
Game mode
Random Map
Map size
Normal (6 player)
Population
200
Speed
Normal
Resources
Standard
Victory
Conquest
Starting age
Dark Age
Ending age
Imperial Age
RankedLock teamsTeams togetherTeam positionsShared explorationLock speedFull tech treeHidden civsTurbo modeCheats
Victory
Defeat
🇲🇽 Teutons · Mexico
1320
+13
🇲🇽 Varangians · Mexico
1319
+13
🇲🇽 Shu · Mexico
1190
+19
🇬🇧 Goths · United Kingdom
1262
-15
🇬🇧 Romans · United Kingdom
1248
-15
🇬🇧 Bohemians · United Kingdom
1246
-15
andylo16
0:48 Loom
12:24 Feudal Age
13:28 Fishing Lines
19:03 Castle Age
17:56 Double-Bit Axe
26:34 Wheelbarrow
28:53 Hand Cart
29:08 Bow Saw
28:43 Horse Collar
32:56 Imperial Age
31:54 Ballistas
32:36 Heavy Plow
32:32 Gold Mining
34:21 Siege Engineers
35:17 Chemistry
34:23 Heavy Scorpion
36:24 Gold Shaft Mining
36:24 Crop Rotation
36:27 Ballistics
36:38 Onager
38:53 Capped Ram
41:29 Siege Ram
Vek Reversal
13:07 Feudal Age
12:57 Loom
14:23 Double-Bit Axe
14:23 Horse Collar
16:49 Castle Age
21:10 Imperial Age
21:07 Chemistry
30:22 Pikeman
30:57 Elite Skirmisher
32:44 Ballistics
36:04 Wheelbarrow
34:53 Pikeman
36:30 Bow Saw
36:34 Forging
36:25 Scale Mail Armor
37:08 Halberdier
37:52 Squires
38:29 Iron Casting
39:23 Chain Mail Armor
43:22 Padded Archer Armor
43:37 Siege Engineers
Roflcopter
1:07 Loom
14:57 Feudal Age
14:58 Man-at-Arms
15:27 Double-Bit Axe
15:54 Horse Collar
22:41 Castle Age
Degel
1:01 Loom
15:44 Feudal Age
16:24 Double-Bit Axe
18:23 Town Watch
21:05 Castle Age
19:27 Horse Collar
22:16 Fishing Lines
22:50 Bow Saw
30:07 Gillnets
31:39 Fortified Wall
32:36 Treadmill Crane
33:45 Horse Collar
35:41 Wheelbarrow
35:59 Heavy Plow
37:30 Bloodlines
37:51 Scale Barding Armor
41:35 Imperial Age
40:12 Scale Barding Armor
40:22 Husbandry
40:32 Bloodlines
40:34 Forging
41:14 Hand Cart
41:32 Chain Barding Armor
41:41 Elite Jarl
42:42 Conscription
41:42 Gothikon
43:30 Plate Barding Armor
45:40 Guilds
46:01 Coinage
46:08 Iron Casting
[XAAM]_Muffie_Cute
0:28 Loom
11:44 Feudal Age
16:20 Castle Age
15:14 Double-Bit Axe
15:10 Horse Collar
25:29 Bow Saw
27:09 Coinage
34:02 Imperial Age
31:44 Scale Barding Armor
31:50 Forging
33:16 Chain Barding Armor
33:19 Fortified Wall
33:42 Bloodlines
34:09 Iron Casting
34:14 Gold Mining
34:14 Stone Mining
35:02 Wheelbarrow
34:09 Cavalier
36:08 Plate Barding Armor
35:44 Paladin
41:53 Fletching
43:04 Blast Furnace
42:04 Scale Mail Armor
43:07 Bodkin Arrow
MZTK l Toni tony chopeer
6:23 Loom
13:17 Feudal Age
16:48 Castle Age
15:40 Double-Bit Axe
22:46 Horse Collar
23:17 Bow Saw
24:53 Heavy Plow
25:46 Scale Barding Armor
30:52 Imperial Age
30:29 Fervor
31:19 Gold Mining
34:09 Ballistics
33:41 Fletching
36:05 Chemistry
37:08 Bodkin Arrow
38:02 Bracer
39:48 Two-Man Saw
38:45 Stone Mining
40:09 Forging
41:04 Heavy Hei Guang Cavalry
43:34 Padded Archer Armor
45:43 Chain Barding Armor
46:45 Bolt Magazine
Connection lost

Rejoining the realm…

Still unreachable

The connection could not be restored.

Session expired

The server has moved on; the page needs a fresh start.